AoeStats
← Just a chill guy

Arabian Desert

510248478Analyzed
1v1 RM · 2d ago on Sep 30, 2026· 16m 32s· 2 players
Game mode
Random Map
Map size
Tiny (2 player)
Population
200
Speed
Normal
Resources
Standard
Victory
Conquest
Starting age
Dark Age
Ending age
Imperial Age
RankedLock teamsTeams togetherTeam positionsShared explorationLock speedFull tech treeHidden civsTurbo modeCheats
Victory
Defeat
🇨🇦 Japanese · Canada
1170
+16
🇬🇧 Varangians · United Kingdom
1164
-16
Just a chill guy
6:47 Loom
9:45 Feudal Age
13:27 Bloodlines
Bamboozlator
6:33 Loom
8:44 Feudal Age
8:57 Man-at-Arms
9:33 Arson
15:26 Horse Collar
Connection lost

Rejoining the realm…

Still unreachable

The connection could not be restored.

Session expired

The server has moved on; the page needs a fresh start.